 Dungeon Crawl Stone Soup version 0.29.1-12-g30fa7ad0bf (webtiles) character file.

Game seed: 14098482876401301003

7431 booth the Cleaver (level 10, -2/74 HPs)
             Began as a Demonspawn Gladiator on Dec 23, 2022.
             Was a Plaything of Xom.
             Slain by a fire crab (8 damage)
             ... on level 1 of the Lair of Beasts on Dec 24, 2022.
             The game lasted 01:33:03 (9787 turns).

booth the Cleaver (Demonspawn Gladiator)            Turns: 9787, Time: 01:33:04

Health: -2/74      AC: 13    Str: 20 (22) XL:     10   Next: 93%
Magic:  10/10      EV: 14    Int:  7 (9)  God:    Xom [*.....]
Gold:   602        SH:  5    Dex: 13 (14) Spells: 9/9 levels left

rFire   . . .      SeeInvis .   K - +2 trident
rCold   + . .      Faith    .   l - +0 buckler
rNeg    . . .      Spirit   .   G - +0 steam dragon scales
rPois   .          Reflect  .   c - +1 helmet
rElec   .          Harm     .   (no cloak)
rCorr   +          Rampage  .   g - +2 pair of gloves {hurl}
Will    .....                   n - +1 pair of boots
Stlth   ++........              y - amulet of regeneration
HPRegen 1.02/turn               f - ring of protection from cold
MPRegen 0.24/turn               q - ring of resist corrosion

@: studying Polearms
A: magic regeneration, condensation shield, strong 1
a: Renounce Religion


You were on level 1 of the Lair of Beasts.
You worshipped Xom.
You were a special plaything of Xom.
You visited 2 branches of the dungeon, and saw 9 of its levels.
You also visited: Bailey.

You collected 602 gold pieces.

Inventory:

Hand Weapons
 a - a +1 war axe
 h - a +0 glaive
 j - a +6 dire flail
 u - a +2 hand axe of electrocution
 E - a +0 quarterstaff
 J - a +2 battleaxe
 K - a +2 trident (weapon)
 M - a +1 flail of protection
Missiles
 d - 3 throwing nets
 e - 3 boomerangs of dispersal
 m - a javelin
 o - 14 poisoned darts (quivered)
 D - 5 boomerangs
Armour
 c - a +1 helmet (worn)
 g - a +2 pair of gloves of hurling (worn)
 l - a +0 buckler (worn)
 n - a +1 pair of boots (worn)
 p - an orb of guile
 v - a +0 ring mail
 G - +0 steam dragon scales (worn)
Jewellery
 f - a ring of protection from cold (left hand)
 q - a ring of resist corrosion (right hand)
 t - an amulet of the acrobat
 y - an amulet of regeneration (around neck)
Wands
 H - a wand of paralysis (16)
Scrolls
 B - 2 scrolls of teleportation
 C - a scroll of fear
Potions
 i - a potion of ambrosia
 r - 4 potions of lignification
 s - a potion of resistance
 x - a potion of attraction
 z - 2 potions of flight
 A - a potion of berserk rage
 I - 2 potions of mutation
 L - 2 potions of heal wounds
 N - a potion of magic


   Skills:
 + Level 5.3 Fighting
 * Level 11.3(11.7) Axes
 * Level 4.6(8.6) Polearms
 + Level 3.5 Throwing
 + Level 3.7 Armour
 + Level 6.5 Dodging
 + Level 3.6 Stealth
 + Level 3.4 Shields


You had 9 spell levels left.
You didn't know any spells.
Your spell library contained the following spells:

 Spells                   Type           Power      Damage    Failure   Level
 Blade Hands              Tmut           0%         N/A       100%        5
 Fireball                 Conj/Fire      0%         3d3       100%        5
 Irradiate                Conj/Tmut      0%         3d11      100%        5
 Iskenderun's Battlesphe  Conj           0%         2d6       100%        5
 Conjure Ball Lightning   Conj/Air       0%         3x3d6     100%        6
 Dragon Form              Tmut           0%         N/A       100%        7
 Orb of Destruction       Conj           0%         9d5       100%        7


Dungeon Overview and Level Annotations

Branches:
Dungeon (8/15)             Temple (0/1) D:5            Lair (1/5) D:8
 Bailey (visited)

Altars:
Gozag
Makhleb
Nemelex Xobeh
Okawaru
Ru
Vehumet
Xom

Shops:
D:2 *

Portals:
Abyss: D:7

Annotations:
D:7 2 transporters, mortz's ghost, novice TrFi


Innate Abilities, Weirdness & Mutations

You regenerate magic rapidly.
A meltable shield of frost defends you. (SH +0)
Your muscles are strong. (Str +4, Int/Dex -1)


Message History

K - a +2 trident (weapon)
Found 11 gold pieces.
A wolf comes into view.
You now have 602 gold pieces (gained 11).
A cane toad comes into view.
Throw: 15 darts (poison)
Press: ? - help, Q - select action, (/) - cycle Shift-Dir - straight line, f - cane toad
Aim: a cane toad (asleep, 98% to hit)
You throw a poisoned dart.
The poisoned dart hits the cane toad! "This might be better!"
The cane toad evaporates and reforms as a fire crab!
You barely miss the fire crab. The fire crab closely misses you. x2
You barely miss the fire crab. The fire crab breathes flames at you.
The blast of flame engulfs you!
Your condensation shield dissipates!
You hit the fire crab but do no damage.
You are engulfed in blazing flames.
You hit the fire crab.
The fire crab is lightly wounded.
You are engulfed in blazing flames.
The fire crab breathes flames at you. The blast of flame misses you.
You hit the fire crab but do no damage.
The fire crab is lightly wounded.
You are engulfed in blazing flames.
* * * LOW HITPOINT WARNING * * *
The fire crab barely misses you. x2
You barely miss the fire crab.
The fire crab is lightly wounded.
You are engulfed in blazing flames.
* * * LOW HITPOINT WARNING * * *
"Just a minor improvement..."
The fire crab barely misses you. You block the fire crab's attack.
You puncture the fire crab!
The fire crab is lightly wounded.
The fire crab bites you.
* * * LOW HITPOINT WARNING * * *
You are engulfed in flames!
You die...
Xom titters!

#### ## ...####P###########
...(.... ......... ..._..#
.#.#..... #.....## #...<. ##
#t.....# #..... ##..
#@._..##. #..... #...
#........ #..... #...
#P...P#..........##..... #...
#...##.....##.#.##...>.
.....###...#.....####.#......
#....#P#.##...........)......
.............................
.............................
.............................


You could see a fire crab.

Vanquished Creatures
  A centaur warrior (D:8)
  A two-headed ogre (D:8)
  Pikel (D:8)
  A rime drake (D:8)
  A troll (D:6)
  A hornet (D:8)
  A wyvern (D:7)
  Grum (D:8)
  A steam dragon (D:8)
  2 water moccasins
  2 black bears
  4 orc warriors
  An ice beast (D:6)
  2 sky beasts
  2 ogres (D:5)
  4 wolves (D:8)
  3 centaurs
  A kobold brigand (D:7)
  2 phantoms
  2 scorpions (D:5)
  4 necrophages
  3 bullfrogs
  4 wights
  4 killer bees (D:8)
  7 howler monkeys
  A crimson imp (D:4)
  4 hounds
  4 orc priests
  2 gnoll boudas
  6 jellies
  6 iguanas
  12 orc wizards
  6 gnolls
  6 adders
  A shadow imp (D:4)
  3 white imps
  2 ufetubi
  2 worms
  6 dart slugs
  35 orcs
  3 ball pythons
  2 endoplasms
  4 giant cockroaches
  7 hobgoblins
  4 jackals
  3 quokkas
  3 bats
  4 frilled lizards
  6 goblins
  7 kobolds
  3 rats
198 creatures vanquished.

Vanquished Creatures (collateral kills)
  A centaur (D:5)
  A phantom (D:5)
  A wight (D:7)
  A shadow imp (D:5)
4 creatures vanquished.

Vanquished Creatures (others)
  An unseen horror (shapeshifter) (D:8)
  8 plants (D:8)
9 creatures vanquished.

Grand Total: 211 creatures vanquished

Notes
Turn   | Place    | Note
-------+----------+-------------------------------------------
     0 | D:1      | booth the Demonspawn Gladiator began the quest for the Orb.
     0 | D:1      | Reached XP level 1. HP: 16/16 MP: 1/1
   173 | D:1      | Reached skill level 3 in Axes
   173 | D:1      | Gained mutation: A meltable shield of frost defends you.
                  | (SH +0) [demonic ancestry]
   173 | D:1      | Reached XP level 2. HP: 18/22 MP: 2/2
   830 | D:2      | Reached XP level 3. HP: 27/27 MP: 3/3
   939 | D:2      | Found Qiunypiu's General Store.
  1681 | D:2      | Found a faded altar of an unknown god.
  1698 | D:2      | Prayed at the altar of an unknown god.
  1698 | D:2      | Became a worshipper of Xom of Chaos
  1749 | D:3      | XOM: silly message
  1823 | D:3      | Reached XP level 4. HP: 32/33 MP: 4/4
  2121 | D:3      | Reached skill level 4 in Axes
  2319 | D:3      | XOM: silly message
  2626 | D:3      | XOM: noise
  2805 | D:4      | Reached skill level 1 in Stealth
  2816 | D:4      | Noticed a necrophage
  2828 | D:4      | Killed a necrophage
  2829 | D:4      | Gained mutation: You regenerate magic rapidly. [demonic
                  | ancestry]
  2829 | D:4      | Reached XP level 5. HP: 38/38 MP: 5/5
  2882 | D:4      | Found a sacrificial altar of Ru.
  3034 | D:4      | Reached skill level 1 in Armour
  3092 | D:4      | XOM: cloud trail
  3119 | D:4      | Found an iron altar of Okawaru.
  3154 | D:4      | XOM: god gift: scroll of teleportation
  3167 | D:4      | Found a radiant altar of Vehumet.
  3167 | D:4      | Found a burning altar of Makhleb.
  3175 | D:4      | Reached skill level 5 in Axes
  3352 | D:4      | XOM: silly message
  3355 | D:4      | XOM: 2-stop teleportation journey
  3484 | D:4      | Reached XP level 6. HP: 30/44 MP: 6/6
  3620 | D:5      | Entered Level 5 of the Dungeon
  3620 | D:5      | Found a staircase to the Ecumenical Temple.
  3667 | D:5      | XOM: cleaving
  3680 | D:5      | XOM: confuse monster(s)
  3830 | D:5      | XOM: fake destruction
  3896 | D:5      | Reached skill level 6 in Axes
  3896 | D:5      | Reached XP level 7. HP: 41/51 MP: 7/7
  4035 | D:5      | XOM: enchant monster (good)
  4057 | D:5      | XOM: summons 2 friendly demons
  4072 | D:5      | XOM: confuse monster(s)
  4082 | D:5      | XOM: enchant monster (good)
  4088 | D:5      | Reached skill level 1 in Shields
  4107 | D:5      | Reached skill level 7 in Axes
  4137 | D:5      | XOM: noise
  4280 | D:5      | Reached XP level 8. HP: 51/57 MP: 8/8
  4652 | D:5      | XOM: potion effect (brilliance)
  4772 | D:5      | XOM: silly message
  4966 | D:6      | XOM: noise
  4991 | D:6      | XOM: summons 2 friendly demons
  5009 | D:6      | XOM: god gift: 40 gold pieces
  5014 | D:6      | Reached skill level 8 in Axes
  5022 | D:6      | XOM: enchant monster (bad)
  5070 | D:6      | XOM: chaos cloud
  5228 | D:6      | XOM: summons 3 hostile demons
  5229 | D:6      | Noticed a sun demon
  5229 | D:6      | Noticed an ice devil
  5231 | D:6      | XOM: butterfly on damage
  5484 | D:6      | Noticed a troll
  5499 | D:6      | Killed a troll
  5595 | D:6      | XOM: torment (19/58 hp)
  5611 | D:6      | XOM: give mutations
  5611 | D:6      | Gained mutation: You are clumsy. (Dex -2) [Xom's mischief]
  5611 | D:6      | Lost mutation: You are clumsy. (Dex -2) [Xom's mischief]
  5821 | D:6      | XOM: torment (30/58 hp)
  5833 | D:6      | XOM: give mutations
  5833 | D:6      | Gained mutation: Your muscles are strong. (Str +4, Int/Dex
                  | -1) [Xom's mischief]
  5833 | D:6      | Gained mutation: Armour fits poorly on your strangely
                  | shaped body. [Xom's mischief]
  5833 | D:6      | Lost mutation: Armour fits poorly on your strangely shaped
                  | body. [Xom's mischief]
  6205 | D:7      | Found a transporter.
  6206 | D:7      | Found a transporter.
  6213 | D:7      | Found a one-way gate to the infinite horrors of the Abyss.
  6213 | D:7      | Noticed an ancient zyme
  6213 | D:7      | Noticed mortz's ghost (novice TrFi)
  6215 | D:7      | Noticed a small abomination
  6278 | D:7      | Reached XP level 9. HP: 63/64 MP: 9/9
  6285 | D:7      | Reached skill level 9 in Axes
  6309 | D:7      | XOM: summons 2 friendly demons
  6375 | D:7      | XOM: potion effect (curing)
  6667 | D:7      | Found a sparkling altar of Nemelex Xobeh.
  6667 | D:7      | XOM: 4-stop teleportation journey
  6734 | D:7      | Found a flagged portal.
  6741 | Bailey   | Entered a bailey
  6758 | Bailey   | XOM: potion effect (might)
  6881 | D:7      | XOM: confuse monster(s)
  6884 | D:7      | XOM: divination: magic mapping
  7011 | D:7      | XOM: 1-stop teleportation journey
  7109 | D:7      | XOM: silly message
  7127 | D:7      | XOM: chaos cloud
  7134 | D:7      | Reached skill level 5 in Dodging
  7419 | D:7      | Reached skill level 10 in Axes
  7653 | D:7      | Found an opulent altar of Gozag.
  7716 | D:8      | Noticed Grum
  7830 | D:8      | Noticed a centaur warrior
  7833 | D:8      | Noticed a two-headed ogre
  7838 | D:8      | XOM: polymorph water moccasin -> naga
  7839 | D:8      | XOM: noise
  7840 | D:8      | XOM: enchant monster (bad)
  7842 | D:8      | Noticed a rime drake
  7842 | D:8      | a naga changed into a rime drake
  7842 | D:8      | XOM: polymorph naga -> rime drake
  7851 | D:8      | Killed a two-headed ogre
  7852 | D:8      | Reached skill level 1 in Polearms
  7852 | D:8      | Reached XP level 10. HP: 25/73 MP: 10/10
  7853 | D:8      | XOM: confusion
  7857 | D:8      | HP: 3/73 [poisoned by you (poison gas)]
  7862 | D:8      | XOM: chaos cloud
  7871 | D:8      | XOM: summons friendly quasit
  7877 | D:8      | Killed a centaur warrior
  8043 | D:8      | XOM: stat loss: -1 Dex (13/14)
  8313 | D:8      | XOM: enchant monster (bad)
  8322 | D:8      | Reached skill level 11 in Axes
  8618 | D:8      | XOM: blink monster(s)
  8634 | D:8      | XOM: silly message
  8767 | D:8      | XOM: silly message
  8884 | D:8      | Found a staircase to the Lair.
  8996 | D:8      | Killed Grum
  9013 | D:8      | Reached skill level 5 in Fighting
  9124 | D:8      | Noticed Pikel
  9135 | D:8      | Killed Pikel
  9140 | D:8      | XOM: swap monsters
  9683 | Lair:1   | Entered Level 1 of the Lair of Beasts
  9719 | Lair:1   | Noticed a five-headed hydra
  9774 | Lair:1   | Noticed a cane toad
  9780 | Lair:1   | Noticed a fire crab
  9780 | Lair:1   | a cane toad changed into a fire crab
  9780 | Lair:1   | XOM: polymorph cane toad -> fire crab
  9786 | Lair:1   | XOM: scenery: create altars
  9787 | Lair:1   | Slain by a fire crab

Illustrated notes

Levels and vault maps discovered:
D:1:      minmay_arrival_up_and_down, layout_rooms
D:2:      layout_basic, serial_shops, shop, basic_ecumenical_altar
D:3:      layout_basic, zin_treasury
D:4:      minmay_chambers_of_threes, layout_basic, lemuel_round_altar,
          mainiacjoe_overflow_big_doors,
          grunt_temple_overflow_lords_of_destruction
D:5:      layout_cave_pods, minmay_temple_entry_water_ring,
          minmay_manual_monstrance
D:6:      layout_basic
D:7:      layout_loops_cross, mainiacjoe_overflow_alcove_2, enter_bailey_3,
          gammafunk_ghost_abyssal_escape, minmay_ruined_shrine
D:8:      nzn_winding_woodlands_three_and_one
          [nzn_winding_woodlands_5x15_default,
          nzn_winding_woodlands_5x15_sawtooth, nzn_winding_woodlands_5x15_twine,
          nzn_winding_woodlands_center_garden], layout_loops_ring,
          lair_entry_dummy, minmay_circle_x, uniq_grum, uniq_pikel
Lair:1:   beast_lair_carwin_large_3, layout_regular_city, uniq_gastronok

Skill      XL: |  1  2  3  4  5  6  7  8  9 10 |
---------------+-------------------------------+-----
Axes           | 3 4 5 6 7 8 10 11 | 11.3
Dodging        | 3 4 5 6 |  6.5
Stealth        | 1 2 3 |  3.6
Armour         | 1 2 3 |  3.7
Throwing       | 2 3 |  3.5
Shields        | 1 2 3 |  3.4
Fighting       | 3 4 5 |  5.3
Polearms       | 1 4 |  4.6

Action                   |  1- 3 |  4- 6 |  7- 9 | 10-12 || total
-------------------------+-------+-------+-------+-------++-------
Melee: War axe           |    64 |       |       |       ||    64
       Punch             |     2 |       |     3 |       ||     5
       Hand axe          |    13 |   153 |   303 |   161 ||   630
       Trident           |       |       |       |     7 ||     7
Throw: Javelin           |       |     3 |     4 |       ||     7
       Dart              |       |     2 |     4 |     3 ||     9
       Boomerang         |       |       |     2 |     1 ||     3
  Use: Scroll            |     3 |     7 |    10 |     4 ||    24
       Potion            |       |     5 |     2 |    11 ||    18
 Stab: Sleeping          |     1 |     3 |     1 |       ||     5
       Confused          |       |     1 |       |       ||     1
       Distracted        |       |       |     1 |     2 ||     3
Armor: Leather armour    |    19 |    28 |    76 |    21 ||   144
       Steam dragon scal |       |       |       |    26 ||    26
Dodge: Dodged            |    44 |    71 |   151 |    69 ||   335
Block: Other             |    10 |    17 |    13 |       ||    40
       Buckler           |       |       |    87 |    53 ||   140
